 Dungeon Crawl Stone Soup version 0.29.1-12-g30fa7ad0bf (webtiles) character file.

Game seed: 282677440618611666

388 booth the Protected (level 6, 0/44 HPs)
             Began as a Gnoll Wanderer on Jan 12, 2023.
             Was a Believer of Okawaru.
             Killed from afar by an orc wizard (2 damage)
             ... with a magic dart
             ... on level 4 of the Dungeon on Jan 13, 2023.
             The game lasted 00:30:52 (4568 turns).

booth the Protected (Gnoll Wanderer)                Turns: 4568, Time: 00:30:53

Health: 0/44       AC: 14    Str: 12    XL:     6   Next: 79%
Magic:  9/9        EV:  9    Int: 14    God:    Okawaru [**....]
Gold:   238        SH:  6    Dex: 12    Spells: 9/9 levels left

rFire   . . .      SeeInvis .   a - +0 spear
rCold   . . .      Faith    .   c - +2 buckler
rNeg    . . .      Spirit   .   b - +2 scale mail
rPois   +          Reflect  .   (helmet restricted)
rElec   .          Harm     .   p - +0 cloak
rCorr   .          Rampage  .   (no gloves)
Will    .....                   (no boots)
Stlth   ++........              (no amulet)
HPRegen 0.14/turn               l - ring of Qytsokh {rPois Stlth+}
MPRegen 0.11/turn               (no ring)

@: about to teleport
A: fangs 1, strong nose, distributed training, horns 1, iridescent scales 1,
clever 1, deterioration 1
a: Renounce Religion, Heroism


You were on level 4 of the Dungeon.
You worshipped Okawaru.
Okawaru was pleased with you.
You visited 1 branch of the dungeon, and saw 7 of its levels.

You collected 238 gold pieces.

Inventory:

Hand Weapons
 a - a +0 spear (weapon)
 e - a +0 mace
 j - a +0 flail
 s - the +8 sling of Hepliaklqana's Hope {freeze, rF+ Int+2}
   (You found it on level 5 of the Dungeon)

   Any ammunition fired from it freezes those it strikes, dealing additional
   cold damage.
   It can also slow down cold-blooded creatures.
   Int:       It affects your intelligence (+2).
   rF:        It protects you from fire.
Missiles
 g - a throwing net (quivered)
Armour
 b - a +2 scale mail (worn)
 c - a +2 buckler (worn)
 p - a +0 cloak (worn)
Jewellery
 l - the ring of Qytsokh (left hand) {rPois Stlth+}
   (You found it on level 3 of the Dungeon)

   [ring of poison resistance]

   rPois:     It protects you from poison.
   Stlth:     It makes you more stealthy.
Scrolls
 h - 2 scrolls of teleportation
 i - a scroll of amnesia
 k - 2 scrolls of immolation {unknown}
 m - a scroll of identify
 n - a scroll of butterflies {unknown}
 q - a scroll of vulnerability {unknown}
 v - a scroll of enchant armour
 w - a scroll of blinking {unknown}
Potions
 d - a potion of invisibility
 f - 4 potions of attraction
 o - a potion of mutation
 r - a potion of curing {unknown}
 t - 2 potions of magic {unknown}
 u - a potion of heal wounds


   Skills:
 + Level 2.2 Fighting
 + Level 2.2 Short Blades
 + Level 2.2 Long Blades
 + Level 2.2 Axes
 + Level 2.2 Maces & Flails
 + Level 6.9 Polearms
 + Level 2.2 Staves
 + Level 2.2 Ranged Weapons
 + Level 2.2 Throwing
 + Level 10.6 Armour
 + Level 3.4 Dodging
 + Level 2.2 Stealth
 + Level 3.4 Shields
 + Level 2.2 Unarmed Combat
 + Level 2.2 Spellcasting
 + Level 1.7 Conjurations
 + Level 1.7 Hexes
 + Level 1.7 Summonings
 + Level 1.7 Necromancy
 + Level 1.7 Translocations
 + Level 1.7 Transmutations
 + Level 1.7 Fire Magic
 + Level 1.7 Ice Magic
 + Level 1.7 Air Magic
 + Level 1.7 Earth Magic
 + Level 1.7 Poison Magic
 + Level 2.4 Invocations
 + Level 2.2 Evocations


You had 9 spell levels left.
You didn't know any spells.
Your spell library was empty.

Dungeon Overview and Level Annotations

Branches:
Dungeon (7/15)
 Temple: D:4-7

Altars:
Okawaru


Innate Abilities, Weirdness & Mutations

You have very sharp teeth.
Your uncanny sense of smell can sniff out nearby items.
Your experience applies equally to all skills.
You have a pair of small horns on your head.
You are partially covered in iridescent scales. (AC +2)
Your mind is acute. (Int +4, Str/Dex -1)
Your body sometimes deteriorates upon taking damage.


Message History

The orc priest is severely wounded.
You feel sick.
You are no longer poisoned.
The orc priest hits you but does no damage.
The orc priest misses you.
You hit the orc priest but do no damage.
The orc priest calls down the wrath of Beogh upon you.
Beogh smites you!
The orc priest hits you but does no damage.
You puncture the orc priest! Your bite misses the orc priest.
The orc priest is heavily wounded.
You hit the orc priest.
The orc priest is severely wounded.
The orc priest invokes the aid of Beogh against you.
Beogh smites you!
* * * LOW HITPOINT WARNING * * *
You closely miss the orc priest. Your bite misses the orc priest.
The orc priest is severely wounded.
You block the orc priest's attack.
Okay, then.
It was a potion of mutation.
You feel extremely strange.
Iridescent scales grow over part of your body.
A pair of horns grows on your head!
You feel yourself wasting away.
You feel clever. Something hits you but does no damage.
The orc priest barely misses you.
As you read the scroll of teleportation, it crumbles to dust.
You feel strangely unstable.
The orc priest hits you but does no damage.
You barely miss something. Your headbutt misses something.
You block the orc priest's attack.
You hear some strange, mumbled words.
A magic dart appears from out of thin air!
The magic dart hits you.
* * * LOW HITPOINT WARNING * * *
The orc priest hits you but does no damage.
You miss something. Your headbutt misses something.
You hear some strange, mumbled words.
A magic dart appears from out of thin air!
The magic dart hits you.
You die...

#######......#
##.....# ∆
#.....# .
#.....# ..###
#.....## .....
#......#
.....#......# .
∆#..#o.....# ..
#.go@######
#..#..#{#
#.....).#
#..#....#
........#
##.#...........
#.#...........
#...........
.............


You could see 2 orc priests and a hobgoblin.

Vanquished Creatures
  A necrophage (D:3)
  A scorpion (D:6)
  A hound (D:6)
  Jessica (D:2)
  7 gnolls
  5 adders
  An ufetubus (D:6)
  4 dart slugs
  10 orcs
  6 ball pythons
  2 bats
  5 endoplasms
  A giant cockroach (D:2)
  7 goblins
  6 hobgoblins
  2 jackals (D:1)
  4 quokkas
  3 frilled lizards
  6 kobolds
  9 rats
82 creatures vanquished.

Vanquished Creatures (others)
  30 plants (D:1)
30 creatures vanquished.

Grand Total: 112 creatures vanquished

Notes
Turn   | Place    | Note
-------+----------+-------------------------------------------
     0 | D:1      | Reached skill level 10 in Armour
     0 | D:1      | booth the Gnoll Wanderer began the quest for the Orb.
     0 | D:1      | booth set off with the following items: a +0 spear, a +2
                  | scale mail, a +0 buckler, a potion of invisibility.
     0 | D:1      | Reached XP level 1. HP: 13/13 MP: 1/1
   376 | D:1      | Reached XP level 2. HP: 19/19 MP: 2/2
   694 | D:1      | Found a faded altar of an unknown god.
   948 | D:1      | Prayed at the altar of an unknown god.
   948 | D:1      | Became a worshipper of Warmaster Okawaru
   948 | D:1      | Reached * piety under Okawaru
  1148 | D:1      | Reached XP level 3. HP: 25/25 MP: 3/3
  1457 | D:2      | Reached skill level 1 in Invocations
  1581 | D:2      | Noticed Jessica
  1594 | D:2      | Killed Jessica
  1595 | D:2      | Reached skill level 1 in Fighting
  1595 | D:2      | Reached skill level 1 in Short Blades
  1595 | D:2      | Reached skill level 1 in Long Blades
  1595 | D:2      | Reached skill level 1 in Axes
  1595 | D:2      | Reached skill level 1 in Maces & Flails
  1595 | D:2      | Reached skill level 1 in Staves
  1595 | D:2      | Reached skill level 1 in Ranged Weapons
  1595 | D:2      | Reached skill level 1 in Throwing
  1595 | D:2      | Reached skill level 1 in Stealth
  1595 | D:2      | Reached skill level 1 in Unarmed Combat
  1595 | D:2      | Reached skill level 1 in Spellcasting
  1595 | D:2      | Reached skill level 1 in Evocations
  1595 | D:2      | Reached XP level 4. HP: 12/32 MP: 5/5
  2152 | D:3      | Noticed a necrophage
  2178 | D:3      | Killed a necrophage
  2179 | D:3      | Reached skill level 1 in Conjurations
  2179 | D:3      | Reached skill level 1 in Hexes
  2179 | D:3      | Reached skill level 1 in Summonings
  2179 | D:3      | Reached skill level 1 in Necromancy
  2179 | D:3      | Reached skill level 1 in Translocations
  2179 | D:3      | Reached skill level 1 in Transmutations
  2179 | D:3      | Reached skill level 1 in Fire Magic
  2179 | D:3      | Reached skill level 1 in Ice Magic
  2179 | D:3      | Reached skill level 1 in Air Magic
  2179 | D:3      | Reached skill level 1 in Earth Magic
  2179 | D:3      | Reached skill level 1 in Poison Magic
  2179 | D:3      | Reached XP level 5. HP: 34/37 MP: 5/7
  2295 | D:3      | Reached ** piety under Okawaru
  2485 | D:3      | Identified the ring of Qytsokh {rPois Stlth+}
  3579 | D:4      | Reached XP level 6. HP: 44/44 MP: 8/8
  3613 | D:4      | You fall into a shaft and drop 3 floors!
  3743 | D:7      | Noticed a spriggan hatter
  4152 | D:5      | Entered Level 5 of the Dungeon
  4163 | D:5      | Identified the +8 sling of Hepliaklqana's Hope {freeze, rF+
                  | Int+2}
  4565 | D:4      | Gained mutation: You are partially covered in iridescent
                  | scales. (AC +2) [potion of mutation]
  4565 | D:4      | Gained mutation: You have a pair of small horns on your
                  | head. [potion of mutation]
  4565 | D:4      | Gained mutation: Your body sometimes deteriorates upon
                  | taking damage. [potion of mutation]
  4565 | D:4      | Gained mutation: Your mind is acute. (Int +4, Str/Dex -1)
                  | [potion of mutation]
  4567 | D:4      | HP: 2/44 [something/magic dart (3)]
  4568 | D:4      | Killed from afar by an orc wizard

Illustrated notes

Levels and vault maps discovered:
D:1:      sevenhm_arrival_forest_fort_small_5, layout_basic,
          shapermc_ecumenical_altar_starsandcircs, serial_bayou,
          serial_bayou_pond_a, serial_bayou_shore_b, serial_bayou_ford_a,
          serial_bayou_lagoon_a, amcnicky_mini_rare_corridor_liquid
D:2:      layout_rooms, serial_curves, eino_curves_04, eino_curves_03,
          eino_curves_01, eino_curves_01, st_stairs_14, uniq_jessica
D:3:      layout_loops_ring, minmay_misc_feat_tower, minmay_diced_spiral
D:4:      layout_basic, nicolae_overflow_hidden_temple, kennysheep_mini_moat,
          portal_sewer_entry_a
D:5:      layout_rooms, marbit_many_paths, lemuel_round_altar,
          minmay_temple_entry_nine_rooms, kennysheep_generic_room_6, uniq_edmund
D:6:      layout_basic
D:7:      cheibrodos_quashed, layout_basic, nicolae_elyvilon_temple_path,
          mainiacjoe_overflow_alcove_1, the_hattery, uniq_pikel

Skill      XL: |  1  2  3  4  5  6 |
---------------+-------------------+-----
Armour         | | 10.6
Invocations    | 1 2 |  2.4
Fighting       | 1 2 |  2.2
Short Blades   | 1 2 |  2.2
Long Blades    | 1 2 |  2.2
Axes           | 1 2 |  2.2
Maces & Flails | 1 2 |  2.2
Staves         | 1 2 |  2.2
Ranged Weapons | 1 2 |  2.2
Throwing       | 1 2 |  2.2
Stealth        | 1 2 |  2.2
Unarmed Combat | 1 2 |  2.2
Spellcasting   | 1 2 |  2.2
Evocations     | 1 2 |  2.2
Conjurations   | 1 |  1.7
Hexes          | 1 |  1.7
Summonings     | 1 |  1.7
Necromancy     | 1 |  1.7
Translocations | 1 |  1.7
Transmutations | 1 |  1.7
Fire Magic     | 1 |  1.7
Ice Magic      | 1 |  1.7
Air Magic      | 1 |  1.7
Earth Magic    | 1 |  1.7
Poison Magic   | 1 |  1.7
Dodging        | 3 |  3.4
Shields        | 3 |  3.4
Polearms       | |  6.9

Action                   |  1- 3 |  4- 6 || total
-------------------------+-------+-------++-------
Melee: Spear             |   119 |   316 ||   435
       Bite              |     8 |    27 ||    35
Invok: Heroism           |       |     3 ||     3
  Use: Scroll            |       |     8 ||     8
       Potion            |       |     2 ||     2
 Stab: Sleeping          |       |     3 ||     3
Armor: Scale mail        |    32 |    86 ||   118
Dodge: Dodged            |    48 |   104 ||   152
Block: Buckler           |    11 |    51 ||    62
